 Dungeon Crawl Stone Soup version 0.28.0-49-g6dfe1f597d (webtiles) character file.

Game seed: 13937162601371682548

66 Exodus22XD the Poker (level 3, 1/27 HPs)
             Began as a Demonspawn Gladiator on May 15, 2022.
             Quit the game on level 2 of the Dungeon.
             The game lasted 00:00:54 (1243 turns).

Exodus22XD the Poker (Demonspawn Gladiator)         Turns: 1243, Time: 00:00:55

Health: 1/27       AC:  6    Str: 16    XL:     3   Next: 96%
Magic:  3/3        EV: 11    Int:  9    God:
Gold:   47         SH:  0    Dex: 14    Spells: 2/2 levels left

rFire   . . .      SeeInvis .   a - +0 trident
rCold   . . .      Faith    .   (no shield)
rNeg    + . .      Spirit   .   g - +0 ring mail
rPois   .          Reflect  .   c - +0 helmet
rElec   .          Harm     .   (no cloak)
rCorr   .          Rampage  .   (no gloves)
Will    .....                   (no boots)
Stlth   +.........              (no amulet)
HPRegen 0.09/turn               h - ring of positive energy
MPRegen 0.08/turn               (no ring)

@: mighty, lethally poisoned (1 -> -1)
A: hooves 1
a: no special abilities


You were on level 2 of the Dungeon.
You visited 1 branch of the dungeon, and saw 2 of its levels.

You collected 47 gold pieces.

Inventory:

Hand Weapons
 a - a +0 trident (weapon)
Missiles
 d - 3 throwing nets (quivered)
Armour
 b - a +0 leather armour
 c - a +0 helmet (worn)
 g - a +0 ring mail (worn)
Jewellery
 h - a ring of positive energy (left hand)
Scrolls
 e - 2 scrolls of teleportation {unknown}
 f - a scroll of summoning {unknown}
 j - a scroll of identify {unknown}
 k - a scroll of holy word {unknown}


   Skills:
 + Level 2.2 Fighting
 + Level 3.6 Polearms
 + Level 1.9 Throwing
 + Level 1.2 Armour
 + Level 3.0 Dodging
 + Level 0.3 Stealth


You had 2 spell levels left.
You didn't know any spells.
Your spell library contained the following spells:

 Spells                   Type           Power      Damage    Failure   Level
 Sting                    Tmut/Pois      0%         1d3       61%         1
 Poisonous Vapours        Pois/Air       0%         N/A       75%         2
 Olgreb's Toxic Radiance  Pois           0%         N/A       100%        4


Dungeon Overview and Level Annotations

Branches:
Dungeon (2/15)

Altars:


Innate Abilities, Weirdness & Mutations

You have large cloven feet.


Message History

The hobgoblin barely misses you.
You barely miss the hobgoblin. The hobgoblin hits you.
You hit the hobgoblin but do no damage.
You kick the hobgoblin, but do no damage.
The hobgoblin hits you.
You puncture the hobgoblin!
You kill the hobgoblin!
The adder barely misses you.
You barely miss the adder.
The adder is moderately wounded.
The adder barely misses you.
You closely miss the adder.
The adder is moderately wounded.
The adder bites you but does no damage. The adder misses you.
You closely miss the adder. You kick the adder.
The adder is heavily wounded.
The adder bites you but does no damage.
You completely miss the adder.
The adder is heavily wounded.
The adder bites you.
* * * LOW HITPOINT WARNING * * *
You are lethally poisoned!
The adder poisons you!
You puncture the adder!
You kill the adder!
* * * LOW HITPOINT WARNING * * *
You feel sick.
* * * LOW HITPOINT WARNING * * *
You feel sick.
Things that are here:
a +0 robe; a purple potion; an adder corpse
* * * LOW HITPOINT WARNING * * *
You feel sick.
* * * LOW HITPOINT WARNING * * *
You feel sick.
It was a potion of might.
You feel very mighty all of a sudden.
* * * LOW HITPOINT WARNING * * *
You feel sick.
Are you sure you want to abandon this character and quit the game? (Confirm with "yes".)

#.) .. #.. .. #.#
.# #.# .# #.# .#
#.###.#
#.#.#.######
#.[.@.......
###.#..#######
#.#..... ..#
#.##.#####.# #.##.#
#.# .# # #.##.# #.#
.# # #.##.# #.# .#
##
#.##.#####.##.####.
#.##...............


There were no monsters in sight!

Vanquished Creatures
  An orc priest (D:2)
  An adder (D:2)
  2 orcs (D:2)
  5 ball pythons
  2 endoplasms (D:1)
  A giant cockroach (D:1)
  3 goblins (D:1)
  2 hobgoblins
  4 kobolds
  2 bats
  A frilled lizard (D:1)
  3 rats (D:1)
27 creatures vanquished.

Notes
Turn   | Place    | Note
-------+----------+-------------------------------------------
     0 | D:1      | Exodus22XD the Demonspawn Gladiator began the quest for the
                  | Orb.
     0 | D:1      | Reached XP level 1. HP: 16/16 MP: 1/1
   244 | D:1      | Found a faded altar of an unknown god.
   315 | D:1      | Gained mutation: You have large cloven feet. [demonic
                  | ancestry]
   315 | D:1      | Reached XP level 2. HP: 19/22 MP: 2/2
  1109 | D:2      | Reached XP level 3. HP: 27/27 MP: 3/3
  1113 | D:2      | Reached skill level 1 in Armour
  1242 | D:2      | HP: 1/27 [poisoned by an adder]
  1243 | D:2      | Quit the game

Illustrated notes

Levels and vault maps discovered:
D:1:      lemuel_arrival_rhombus, layout_loops_corners,
          shapermc_ecumenical_altar_ellora
D:2:      layout_loops_ring, minmay_pentomino_x4

Skill      XL: |  1  2  3 |
---------------+----------+-----
Polearms       | 3 |  3.6
Armour         | 1 |  1.2
Dodging        | 3 |  3.0
Fighting       | |  2.2
Throwing       | |  1.9
Stealth        | |  0.3

Action                   || total
-------------------------++-------
Melee: Trident           ||    94
       Kick              ||    10
  Use: Potion            ||     1
 Stab: Sleeping          ||     1
Armor: Leather armour    ||    11
       Ring mail         ||    13
Dodge: Dodged            ||    50
